 Dungeon Crawl Stone Soup version 0.29-a0-520-gc852659d43 (webtiles) character file.

Game seed: 12323795118170161303

134 Bruhh the Digger (level 5, 0/28 HPs)
             Began as a Gargoyle Earth Elementalist on May 31, 2022.
             Slain by Terence
             ... wielding a +0 mace
              (8 damage)
             ... on level 2 of the Dungeon.
             The game lasted 00:02:37 (2806 turns).

Bruhh the Digger (Gargoyle Earth Elementalist)      Turns: 2806, Time: 00:02:38

Health: 0/28       AC:  6    Str: 12    XL:     5   Next: 17%
Magic:  10/10      EV: 11    Int: 17    God:
Gold:   123        SH:  0    Dex: 10    Spells: 7/11 levels left

rFire   . . .      SeeInvis .   n - +2 demon trident (venom)
rCold   . . .      Faith    .   (no shield)
rNeg    + . .      Spirit   .   b - +0 robe
rPois   ∞          Reflect  .   (no helmet)
rElec   +          Harm     .   (no cloak)
rCorr   .          Rampage  .   (no gloves)
Will    .....                   (no boots)
Stlth   ++........              (no amulet)
HPRegen 0.09/turn               h - ring of wizardry
MPRegen 0.12/turn               (no ring)

@: no status effects
A: sickness immunity, AC +4, negative energy resistance 1, electricity
resistance, torment resistance 1, petrification resistance
a: no special abilities


You were on level 2 of the Dungeon.
You visited 1 branch of the dungeon, and saw 3 of its levels.

You collected 123 gold pieces.

Inventory:

Hand Weapons
 f - a +0 quarterstaff of draining
 n - a +2 demon trident of venom (weapon)
Missiles
 a - 75 stones
Armour
 b - a +0 robe (worn)
Jewellery
 h - a ring of wizardry (left hand)
Scrolls
 g - a scroll of brand weapon {unknown}
 j - a scroll of immolation {unknown}
 k - 3 scrolls of identify {unknown}
 l - a scroll of teleportation {unknown}
Potions
 c - a potion of magic
 d - a potion of might {unknown}
 e - a potion of mutation {unknown}
 i - a potion of flight {unknown}
 m - a potion of invisibility {unknown}


   Skills:
 - Level 1.5 Dodging
 - Level 2.1 Stealth
 + Level 3.9 Spellcasting
 + Level 0.6 Conjurations
 - Level 0.7 Transmutations
 - Level 5.0 Earth Magic


You had 7 spell levels left.
You knew the following spells:

 Your Spells              Type           Power      Damage    Failure   Level
a - Sandblast             Erth           40%        2d10      1%          1
b - Stone Arrow           Conj/Erth      26%        3d8       6%          3

Your spell library contained the following spells:

 Spells                   Type           Power      Damage    Failure   Level
 Passwall                 Tmut/Erth      10%        N/A       3%          2
 Petrify                  Tmut/Erth      13%        N/A       19%         4


Dungeon Overview and Level Annotations

Branches:
Dungeon (3/15)

Altars:
Ashenzari
Yredelemnul

Annotations:
D:2 Terence


Innate Abilities, Weirdness & Mutations

You are immune to sickness and miasma.
Your stone body is resilient. (AC +4)
You are immune to poison.
You resist negative energy. (rN+)
You are resistant to electric shocks. (rElec)
You are resistant to unholy torment.
You are immune to petrification.


Message History

Terence hits you with a +0 mace. Terence misses you.
Terence closely misses you. Terence barely misses you.
Terence attacks as you move away! Terence hits you but does no damage.
Terence hits you with a +0 mace.
There is an escape hatch in the floor here.
Terence attacks as you move away! Terence misses you.
Your transformation is almost over.
Terence hits you with a +0 mace.
Terence screams, "I'm going to kill you!"
Terence attacks as you move away! Terence hits you but does no damage.
Terence hits you with a +0 mace. Terence closely misses you.
There is a stone staircase leading up here.
Terence misses you. Terence completely misses you.
You fly upwards.
You condense into your normal self.
Your +2 demon trident of venom unmelds from your body.
Your +0 robe unmelds from your body.
Your ring of wizardry unmelds from your body.
Your +2 demon trident of venom begins to drip with poison!
There is a stone staircase leading down here.
Okay, then.
You puncture Terence!
Terence is heavily wounded.
Terence hits you but does no damage.
Terence zaps a wand.
You resist with some effort.
You barely miss Terence.
Terence is heavily wounded.
Terence hits you with a +0 mace.
You hit Terence but do no damage.
Terence is poisoned.
Terence is moderately wounded.
Terence hits you with a +0 mace. Terence barely misses you.
You closely miss Terence.
Terence is moderately wounded.
Terence hits you with a +0 mace.
* * * LOW HITPOINT WARNING * * *
Terence hits you with a +0 mace!
You die...

#.##...###.##.(.#...
#.##....#..##.#.#...
#.##..#...#...#.....
#.##........###.....
#..#........##......
######...........#.#.#.#
#..###......)........#..
##......................
###...@................
#....@.......).......
###.....##..<........
#[.######.##>.##... #..#
#.#...##... ####
#...#.##...
####..##..#... ########
#.....###.....
#......####............


You could see Terence (fast, very poisoned).

Vanquished Creatures
  A hound (D:2)
  4 adders (D:2)
  A worm (D:3)
  2 dart slugs
  An orc (D:2)
  5 endoplasms
  3 giant cockroaches
  4 goblins
  5 hobgoblins
  4 jackals (D:1)
  3 kobolds
  3 quokkas (D:1)
  7 ball pythons
  6 bats
  5 frilled lizards
  3 rats
57 creatures vanquished.

Notes
Turn   | Place    | Note
-------+----------+-------------------------------------------
     0 | D:1      | Bruhh the Gargoyle Earth Elementalist began the quest for
                  | the Orb.
     0 | D:1      | Reached XP level 1. HP: 10/10 MP: 3/3
   444 | D:1      | Reached XP level 2. HP: 15/15 MP: 3/5
   465 | D:1      | Reached skill level 4 in Earth Magic
   628 | D:1      | Found a faded altar of an unknown god.
  1233 | D:1      | Reached XP level 3. HP: 19/19 MP: 3/6
  1642 | D:2      | Learned a level 3 spell: Stone Arrow
  1750 | D:2      | Reached XP level 4. HP: 22/24 MP: 8/8
  1798 | D:2      | Reached skill level 5 in Earth Magic
  2262 | D:3      | Found a basalt altar of Yredelemnul.
  2276 | D:3      | Reached XP level 5. HP: 26/28 MP: 8/10
  2439 | D:3      | Found a broken altar of Ashenzari.
  2779 | D:3      | Noticed Terence
  2806 | D:2      | Slain by Terence

Illustrated notes

Levels and vault maps discovered:
D:1:      scummos_arrival_hexagon, layout_basic, basic_ecumenical_altar
D:2:      layout_rooms
D:3:      layout_loops_ring, lemuel_crystal_altar, nicolae_ashenzari_panopticon,
          chequers_arboretum, uniq_terence

Skill      XL: |  1  2  3  4 |
---------------+-------------+-----
Earth Magic    | 4 5 |  5.0
Spellcasting   | 3 |  3.9
Dodging        | |  1.5
Stealth        | |  2.1
Conjurations   | |  0.6
Transmutations | |  0.7

Action                   |  1- 3 |  4- 6 || total
-------------------------+-------+-------++-------
Melee: Unarmed           |    25 |     2 ||    27
       Quarterstaff      |    23 |    34 ||    57
       Demon trident     |       |    16 ||    16
 Cast: Sandblast         |    22 |    14 ||    36
 Stab: Sleeping          |     2 |     5 ||     7
Armor: Robe              |    17 |    20 ||    37
       Skin              |       |     2 ||     2
Dodge: Dodged            |    34 |    47 ||    81

Table legend: (Time is in decaauts)
 A = Elapsed time spent in this place.
 B = Non-inter-level travel time spent in this place.
 C = Inter-level travel time spent in this place.
 D = Time resting spent in this place.
 E = Time spent auto-exploring this place.
 F = Levels seen in this place.
 G = Mean time per level.
                   A        B        C        D        E       F      G
               +--------+--------+--------+--------+--------+-----+--------+
         Total |   2825 |   2638 |    187 |      0 |   2241 |   3 |  941.7 |
       Dungeon |   2825 |   2638 |    187 |      0 |   2241 |   3 |  941.7 |
               +--------+--------+--------+--------+--------+-----+--------+

Top non-repeatable levels by time:
     D:1: 1515 daAuts
     D:2: 749 daAuts
     D:3: 561 daAuts
